 Dungeon Sprint DCSS version 0.27.1-34-g3ba077fa99 (webtiles) character file.

Game seed: 11546559592953999374

239 boopmooplesden the Fighter (level 6, -4/63 HPs)
             Began as a Hill Orc Fighter on Jan 16, 2022.
             Slain by a neqoxec (9 damage)
             ... in the Dungeon (Sprint II: "The Violet Keep of Menkaure").
             The game lasted 00:00:15 (25 turns).

boopmooplesden the Fighter (Hill Orc Fighter)         Turns: 25, Time: 00:00:16

Health: -4/63      AC:  5    Str: 21    XL:     6   Next: 7%
Magic:  6/6        EV:  8    Int:  8    God:
Gold:   0          SH: 11    Dex: 12    Spells: 5/5 levels left

rFire    . . .     SeeInvis .   a - +0 long sword
rCold    . . .     Faith    .   c - +0 kite shield
rNeg     . . .     Spirit   .   b - +0 scale mail
rPois    .         Reflect  .   (no helmet)
rElec    .         Harm     .   (no cloak)
rCorr    .         Rampage  .   (no gloves)
Will     .....     NoTele   +   (no boots)
Stlth    +.........             (no amulet)
HPRegen  0.20/turn              (no ring)
MPRegen  0.10/turn              (no ring)

@: mighty
A: thin skeletal structure 1, deformed body, screaming 1, no potion heal 1
a: no special abilities


You were in the Dungeon.
You visited 1 branch

Inventory:

Hand Weapons
 a - a +0 long sword (weapon)
Armour
 b - a +0 scale mail (worn)
 c - a +0 kite shield (worn)
Scrolls
 j - a scroll of blinking
Potions
 e - a potion of curing
 f - a potion of heal wounds
 g - a potion of haste
 h - 2 potions of magic
 i - a potion of berserk rage


   Skills:
 + Level 9.1 Fighting
 + Level 4.2 Long Blades
 + Level 8.0 Armour
 + Level 7.7 Shields


You had 5 spell levels left.
You didn't know any spells.
Your spell library was empty.

Dungeon Overview and Level Annotations

Branches:
Dungeon (1/1)

Altars:


Innate Abilities, Weirdness & Mutations

You have a somewhat thin skeletal structure. (Dex +2, Stealth+)
Armour fits poorly on your strangely shaped body.
You occasionally shout uncontrollably at your foes.
Potions are less effective at restoring your health.


Message History

Your Long Blades skill increases to level 4!
Your Armour skill gained 2 levels and is now at level 8!
Your Shields skill increases to level 7!
You have reached level 6!
Your experience leads to an increase in your attributes!
Your base attributes are Str 20, Int 8, Dex 10.
Increase (S)trength, (I)ntelligence, or (D)exterity?
You feel stronger. The neqoxec closely misses you.
You hit the neqoxec.
The neqoxec is lightly wounded.
The neqoxec hits you but does no damage.
You block the neqoxec's attack.
You barely miss the neqoxec.
The neqoxec is lightly wounded.
You slash the neqoxec!
The neqoxec is heavily wounded.
The neqoxec hits you!
* * * LOW HITPOINT WARNING * * *
You closely miss the neqoxec.
The neqoxec is heavily wounded.
The neqoxec hits you.
* * * LOW HITPOINT WARNING * * *
The neqoxec hits you but does no damage.
You closely miss the neqoxec.
The neqoxec is heavily wounded.
The neqoxec gestures at you.
Strange energies course through your body.
You feel the urge to shout.
You closely miss the neqoxec.
The neqoxec is heavily wounded.
The neqoxec hits you.
* * * LOW HITPOINT WARNING * * *
Your scale mail prevents you from hitting the neqoxec.
The neqoxec is heavily wounded.
You block the neqoxec's attack.
You hit the neqoxec.
The neqoxec is severely wounded.
The neqoxec hits you!
You die...

##
#3##
#@##
##'#
##.##
+.<.+
##.##
#+#


You could see a neqoxec.

Vanquished Creatures
  2 neqoxecs (D)
2 creatures vanquished.

Vanquished Creatures (others)
  Menkaure (D)
1 creature vanquished.

Grand Total: 3 creatures vanquished

Notes
Turn   | Place    | Note
-------+----------+-------------------------------------------
     0 | D        | boopmooplesden the Hill Orc Fighter began the quest for the
                  | Orb.
     0 | D        | Reached XP level 1. HP: 19/19 MP: 1/1
     1 | D        | Noticed a neqoxec
     3 | D        | Gained mutation: You have a somewhat thin skeletal
                  | structure. (Dex +2, Stealth+) [a neqoxec]
     3 | D        | Noticed a neqoxec
     7 | D        | Killed a neqoxec
     7 | D        | Noticed a neqoxec
     8 | D        | Reached skill level 7 in Fighting
     8 | D        | Reached XP level 2. HP: 15/34 MP: 2/2
     8 | D        | Reached XP level 3. HP: 17/39 MP: 3/3
     8 | D        | Reached XP level 4. HP: 21/47 MP: 4/4
     8 | D        | Reached XP level 5. HP: 23/52 MP: 5/5
    12 | D        | Gained mutation: Potions are less effective at restoring
                  | your health. [a neqoxec]
    12 | D        | Killed Menkaure
    16 | D        | Killed a neqoxec
    16 | D        | Gained mutation: Armour fits poorly on your strangely
                  | shaped body. [a neqoxec]
    17 | D        | Reached skill level 9 in Fighting
    17 | D        | Reached XP level 6. HP: 21/63 MP: 6/6
    22 | D        | Gained mutation: You occasionally shout uncontrollably at
                  | your foes. [a neqoxec]
    25 | D        | Slain by a neqoxec

Illustrated notes

Levels and vault maps discovered:
D:        the_violet_keep_of_menkaure [sprint2_stairs_cluster_1,
          sprint2_shoproom, sprint2_temple, sprint2_basic_supplies,
          sprint2_obstacle_4, sprint2_obstacle_6, sprint2_obstacle_2,
          sprint2_obstacle_5, sprint2_obstacle_7, sprint2_timed_cluster_1,
          sprint2_smallroom_cluster_1, sprint2_smallroom_final_cluster_1,
          sprint2_transparent_cluster_1, sprint2_second_timed_cluster_1,
          sprint2_sniper_area_1, sprint2_heavy_combat_area_1,
          sprint2_mutation_trap_area_1, sprint2_forest_area_1,
          sprint2_light_combat_area_1, sprint2_behind_water_1,
          sprint2_near_end_vault_1]

Skill      XL: |  1  2  3  4  5 |
---------------+----------------+-----
Fighting       | 7 9 |  9.1
Long Blades    | 3 4 |  4.2
Armour         | 6 8 |  8.0
Shields        | 6 7 |  7.7

Action                   |  1- 3 |  4- 6 || total
-------------------------+-------+-------++-------
Melee: Long sword        |     4 |    17 ||    21
  Use: Potion            |     1 |       ||     1
Armor: Scale mail        |     1 |     5 ||     6
Dodge: Dodged            |       |     1 ||     1
Block: Kite shield       |       |     3 ||     3
